 Dungeon Crawl Stone Soup version 0.24-a0-487-g57318f2ed0 (webtiles) character file.

Game seed: 896873514337341096

47 Gynju the Conjurer (level 3, -2/26 HPs)
             Began as a Draconian Conjurer on July 10, 2019.
             Slain by an orc wizard
             ... wielding a +0 dagger of pain
              (4 damage)
             ... on level 2 of the Dungeon.
             The game lasted 00:04:09 (2148 turns).

Gynju the Conjurer (Draconian Conjurer)             Turns: 2148, Time: 00:04:09

Health: -2/26      AC:  5    Str: 10    XL:     3   Next: 48%
Magic:  5/6        EV: 12    Int: 16    God:
Gold:   118        SH:  0    Dex: 11    Spells: 6/7 levels left

rFire    . . .     SeeInvis .   p - +2 dagger (elec)
rCold    + . .     Gourm    +   (no shield)
rNeg     . . .     Faith    .   (armour unavailable)
rPois    .         Spirit   .   (helmet restricted)
rElec    .         Reflect  .   (no cloak)
rCorr    .         Harm     .   (no gloves)
MR       .....                  (no boots)
Stlth    ++........             o - amulet of the gourmand
HPRegen  0.08/turn              n - ring of protection from cold
MPRegen  0.10/turn              (no ring)

@: no status effects
A: unfitting armour, cold-blooded, AC +5
a: no special abilities


You were on level 2 of the Dungeon.
You were not hungry.

You visited 1 branch of the dungeon, and saw 3 of its levels.

You collected 118 gold pieces.

Inventory:

Hand Weapons
 p - a +2 dagger of electrocution (weapon)
Missiles
 c - 66 stones (quivered)
Armour
 a - a +2 shield
Jewellery
 d - an uncursed amulet of regeneration {unknown}
 n - a ring of protection from cold (left hand)
 o - an amulet of the gourmand (around neck)
Scrolls
 j - 2 scrolls of enchant armour {unknown}
 l - a scroll of remove curse
 m - a scroll of teleportation {unknown}
 q - a scroll of magic mapping {unknown}
Potions
 e - a potion of haste
 g - a potion of invisibility {unknown}
 i - a potion of lignification {unknown}
 k - a potion of brilliance {unknown}
Comestibles
 b - 5 rations


   Skills:
 - Level 1.7 Dodging
 - Level 1.7 Stealth
 + Level 1.6 Shields
 + Level 2.6 Spellcasting
 + Level 4.4 Conjurations


You had 6 spell levels left.
You knew the following spells:

 Your Spells              Type           Power        Failure   Level  Hunger
a - Magic Dart            Conj           ###.         3%          1    #......

Your spell library contained the following spells:

 Spells                   Type           Power        Failure   Level  Hunger
 Searing Ray              Conj           ###...       4%          2    ##.....
 Dazzling Spray           Conj/Hex       #.....       24%         3    ###....
 Iskenderun's Mystic Bla  Conj           ###.....     30%         4    #####..
 Force Lance              Conj/Tloc      #.......     61%         4    #####..
 Fulminant Prism          Conj/Hex       #.........   61%         4    #####..


Dungeon Overview and Level Annotations

Branches:
Dungeon (3/15)

Altars:
Ru


Innate Abilities, Weirdness & Mutations

Your plain brown scales are hard. (AC +5)
You cannot fit into any form of body armour.
You are cold-blooded and may be slowed by cold attacks.


Message History

You hit the orc.
The orc is moderately wounded.
The orc hits you with a +1 hand axe of freezing.
The orc freezes you. Something hits you but does no damage.
You barely miss the orc.
Your tail-slap misses the orc.
The orc is moderately wounded.
The orc barely misses you. Something hits you. Something hits you.
* * * LOW HITPOINT WARNING * * *
There is a stone staircase leading up here.
The orc hits you with a +1 hand axe of freezing.
* * * LOW HITPOINT WARNING * * *
Something hits you but does no damage.
You climb upwards.
Reactivating autopickup.
There is a stone staircase leading down here.
You hit the orc. Lightning courses through the orc!
You kill the orc!
Something hits you.
You die...

#..........#.....##.#.
######.###.#########.#
#.# #.# ### #.###.# #
##.....## ########
#.......###.......
#...........#####.
#........#.....##.
#@..........##....
#)......###.#####.
#.......# #.......
#.......# ########
#########


There were no monsters in sight!

Vanquished Creatures
  A worm (D:2)
  2 dart slugs (D:1)
  A leopard gecko (D:1)
  2 orcs
  A giant cockroach (D:1)
  5 hobgoblins
  6 kobolds
  6 bats
  A frilled lizard (D:1)
  7 goblins
  3 rats
35 creatures vanquished.

Notes
Turn   | Place    | Note
-------+----------+-------------------------------------------
     0 | D:1      | Gynju the Draconian Conjurer began the quest for the Orb.
     0 | D:1      | Reached XP level 1. HP: 14/14 MP: 3/3
   191 | D:1      | Reached XP level 2. HP: 12/20 MP: 1/5
   515 | D:1      | Reached skill level 1 in Shields
   915 | D:1      | Reached XP level 3. HP: 26/26 MP: 3/6
  1697 | D:2      | Found a sacrificial altar of Ru.
  2148 | D:2      | Slain by an orc wizard

Levels and vault maps discovered:
D:1:      scummos_arrival_checkerplants, layout_loops_ring
D:2:      layout_loops_cross, lemuel_round_altar, first_ration
D:3:      layout_loops_ring, kennysheep_vampire_church

Skill      XL: |  1  2 |
---------------+-------+-----
Shields        | 1 |  1.6
Dodging        | |  1.7
Stealth        | |  1.7
Spellcasting   | |  2.6
Conjurations   | |  4.4

Action                   || total
-------------------------++-------
Melee: Dagger            ||    28
       Tailslap          ||     4
       Short sword       ||     1
 Cast: Magic Dart        ||    71
  Use: Scroll            ||     3
  Eat: Chunk             ||     8
Armor: Skin              ||     9
Dodge: Dodged            ||    33

Table legend:
 A = Non-vault XP
 B = Vault XP
 C = Vault XP percentage of total XP
 D = Non-vault monster count
 E = Vault monster count
 F = Vault count percentage of total count
                 A         B        C        D         E       F
            +---------+---------+-------+---------+---------+-------
      Total |      68 |       0 |   0.0 |      35 |       0 |   0.0
            +---------+---------+-------+---------+---------+-------
        D:1 |      45 |       0 |   0.0 |      24 |       0 |   0.0
        D:2 |      14 |       0 |   0.0 |       7 |       0 |   0.0
        D:3 |       9 |       0 |   0.0 |       4 |       0 |   0.0
            +---------+---------+-------+---------+---------+-------
